 Dungeon Crawl Stone Soup version 0.29-a0-297-g7659ce593d (webtiles) character file.

Game seed: 15641672444924140175

515 Dabor the Sneak (level 7, -7/55 HPs)
             Began as a Naga Venom Mage on Mar 22, 2022.
             Was a Believer of Dithmenos.
             Mangled by an ice beast (13 damage)
             ... on level 5 of the Dungeon.
             The game lasted 00:08:28 (4726 turns).

Dabor the Sneak (Naga Venom Mage)                   Turns: 4726, Time: 00:08:29

Health: -7/55      AC:  4    Str: 16    XL:     7   Next: 20%
Magic:  12/12      EV: 15    Int: 17    God:    Dithmenos [**....]
Gold:   234        SH:  0    Dex: 16    Spells: 6/13 levels left

rFire   + . .      SeeInvis +   m - +6 falchion "Vuguj" {vorpal, Dex+2}
rCold   . . .      Faith    .   g - orb {mayhem}
rNeg    . . .      Spirit   .   a - +0 robe
rPois   +          Reflect  .   l - +0 helmet
rElec   .          Harm     .   (no cloak)
rCorr   .          Rampage  .   (no gloves)
Will    .....                   (no barding)
Stlth   ++++......              o - amulet of regeneration
HPRegen 0.98/turn               h - +6 ring of strength
MPRegen 0.13/turn               k - +4 ring of evasion

@: wreathed by umbra, very slow
A: AC +2, large, see invisible, deformed body, poison resistance, slowness 2,
spit poison 1, naga tail 1, agile 1, fire resistance 1, sturdy frame 1
a: Spit Poison, Renounce Religion, Shadow Step


You were on level 5 of the Dungeon.
You worshipped Dithmenos.
Dithmenos was pleased with you.
You visited 1 branch of the dungeon, and saw 5 of its levels.

You collected 234 gold pieces.

Inventory:

Hand Weapons
 c - a +0 whip
 m - the +6 falchion "Vuguj" (weapon) {vorpal, Dex+2}
   (You found it on level 5 of the Dungeon)

   It inflicts extra damage upon your enemies.
   Dex:       It affects your dexterity (+2).
 n - a +3 dagger of speed
Armour
 a - a +0 robe (worn)
 g - an orb of mayhem (worn)
 l - a +0 helmet (worn)
Magical Staves
 i - a staff of fire
Jewellery
 e - an amulet of the acrobat
 h - a +6 ring of strength (left hand)
 k - a +4 ring of evasion (right hand)
 o - an amulet of regeneration (around neck)
Scrolls
 d - a scroll of blinking {unknown}
 f - 2 scrolls of teleportation
 j - a scroll of silence
 q - a scroll of enchant weapon
Potions
 b - 2 potions of magic


   Skills:
 + Level 3.1 Dodging
 + Level 5.9 Stealth
 + Level 3.5 Spellcasting
 + Level 3.2 Transmutations
 + Level 5.8 Poison Magic


You had 6 spell levels left.
You knew the following spells:

 Your Spells              Type           Power      Damage    Failure   Level
a - Sting                 Tmut/Pois      72%        1d6       2%          1
b - Poisonous Vapours     Pois/Air       24%        N/A       8%          2
c - Olgreb's Toxic Radia  Pois           22%        N/A       16%         4

Your spell library contained the following spells:

 Spells                   Type           Power      Damage    Failure   Level
 Mephitic Cloud           Conj/Pois/Air  9%         N/A       22%         3


Dungeon Overview and Level Annotations

Branches:
Dungeon (5/15)
 Temple: D:4-7

Altars:
Dithmenos
Wu Jian


Innate Abilities, Weirdness & Mutations

Your serpentine skin is tough. (AC +2)
You have supernaturally acute eyesight. (SInv)
Armour fits poorly on your strangely shaped body.
Your system is resistant to poisons. (rPois)
You cover ground very slowly.
You can spit poison.
You have a snake-like lower body.
You are agile. (Dex +2)
Your flesh is heat resistant. (rF+)
Your movements are slightly less encumbered by armour. (ER -2)


Message History

The sting hits the ice beast.
The ice beast partially resists.
The ice beast is moderately wounded.
The ice beast hits you. The ice beast freezes you!
The ice beast completely misses you.
You barely miss the ice beast.
The ice beast is moderately wounded.
The ice beast hits you but does no damage.
The ice beast closely misses you.
You hit the ice beast.
The ice beast is moderately wounded.
The ice beast hits you but does no damage.
Your magical contamination has completely faded away.
You hit the ice beast but do no damage.
The ice beast is moderately wounded.
The ice beast hits you.
* * * LOW HITPOINT WARNING * * *
The ice beast freezes you!
* * * LOW HITPOINT WARNING * * *
The ice beast closely misses you. Magic courses through your body.
You have got your breath back.
The ice beast looks more healthy.
The ice beast hits you but does no damage.
The ice beast misses you.
Casting: Sting (safe; 2% risk of failure)
Confirm with . or Enter, or press ? or * to list all spells.
Aiming: Sting (safe; 2% risk of failure)
Press: ? - help, Shift-Dir - straight line, f/p - ice beast
Aim: an ice beast (heavily wounded, fast, strong, frenzied and insane, umbra, 74% to hit)
Okay, then.
Casting: Sting (safe; 2% risk of failure)
Confirm with . or Enter, or press ? or * to list all spells.
You can't see any susceptible monsters within range! (Use Z to cast anyway.) Unknown command.
As you read the scroll labelled PUJOOWK IJUTS, it crumbles to dust.
You assume a fearsome visage.
The ice beast is unaffected.
It was a scroll of fear.
The ice beast hits you.
* * * LOW HITPOINT WARNING * * *
The ice beast freezes you!
You die...

#........... ##...........
....=...[..# ..........#
#.........# .# ###.........#
.# #....Y......# .#
#....@.##### .# ♣.
#............ .# ♣...♣♣
#...#.....#### .# ♣.♣..♣
#...###......# # .# #....#
#...# ......# .#
.###....####...# #.....##.#.
............#######..........
.####................##......
........#...#................


You could see a neutral ice beast (fast, strong, insane).

Vanquished Creatures
  An ogre (D:4)
  A phantom (D:4)
  2 orc priests (D:5)
  A jelly (D:4)
  A hound (D:4)
  2 iguanas (D:4)
  2 adders
  An ufetubus (D:5)
  A worm (D:3)
  2 dart slugs
  7 orcs
  8 ball pythons
  7 bats
  5 endoplasms
  2 giant cockroaches
  3 hobgoblins
  5 jackals
  2 quokkas
  5 frilled lizards
  6 goblins
  5 kobolds
  2 rats
71 creatures vanquished.

Vanquished Creatures (collateral kills)
  An adder (D:5)
  2 orcs
3 creatures vanquished.

Vanquished Creatures (others)
  An ogre (D:5)
1 creature vanquished.

Grand Total: 75 creatures vanquished

Notes
Turn   | Place    | Note
-------+----------+-------------------------------------------
     0 | D:1      | Dabor the Naga Venom Mage began the quest for the Orb.
     0 | D:1      | Reached XP level 1. HP: 15/15 MP: 3/3
   214 | D:1      | Found a faded altar of an unknown god.
   223 | D:1      | Reached XP level 2. HP: 11/22 MP: 1/5
   234 | D:1      | Prayed at the altar of an unknown god.
   234 | D:1      | Became a worshipper of Dithmenos the Shadowed
   234 | D:1      | Reached * piety under Dithmenos
  1239 | D:1      | Reached XP level 3. HP: 27/28 MP: 0/6
  1444 | D:2      | Gained mutation: You have hidden genetic potential. [potion
                  | of mutation]
  1444 | D:2      | Gained mutation: Your flesh is heat resistant. (rF+)
                  | [potion of mutation]
  1904 | D:3      | Reached ** piety under Dithmenos
  2002 | D:3      | Learned a level 2 spell: Poisonous Vapours
  2273 | D:3      | Reached XP level 4. HP: 33/36 MP: 1/7
  2507 | D:3      | Gained mutation: Your movements are slightly less
                  | encumbered by armour. (ER -2) [hidden potential]
  2886 | D:4      | Reached XP level 5. HP: 25/42 MP: 1/9
  2889 | D:4      | Gained mutation: You are agile. (Dex +2) [hidden potential]
  2889 | D:4      | Lost mutation: You have hidden genetic potential. [hidden
                  | potential expressed]
  3575 | D:4      | Reached skill level 5 in Poison Magic
  3960 | D:4      | Noticed an ogre
  3968 | D:4      | Killed an ogre
  3969 | D:4      | Reached skill level 5 in Stealth
  3969 | D:4      | Reached XP level 6. HP: 43/49 MP: 0/10
  4285 | D:4      | Found an ornate altar of the Wu Jian Council.
  4408 | D:5      | Entered Level 5 of the Dungeon
  4409 | D:5      | Noticed an ice beast
  4418 | D:4      | Learned a level 4 spell: Olgreb's Toxic Radiance
  4568 | D:5      | Reached XP level 7. HP: 55/55 MP: 3/12
  4651 | D:5      | Identified the +6 falchion "Vuguj" {vorpal, Dex+2}
  4726 | D:5      | Mangled by an ice beast

Illustrated notes

Levels and vault maps discovered:
D:1:      lightli_arrival_quake, layout_basic, nicolae_ecumenical_snake_handling
D:2:      layout_rooms, minmay_ruptured
D:3:      layout_rooms, grunt_decor_resistance
D:4:      layout_basic, pdpol_wu_jian_five_deadly_venoms, serial_curves,
          eino_curves_01, eino_curves_02, minmay_diced_spiral
D:5:      layout_rooms, minmay_temple_entry_drinking_statues,
          kennysheep_generic_room_16, uniq_eustachio, uniq_ijyb,
          uniq_crazy_yiuf_cottage

Skill      XL: |  1  2  3  4  5  6 |
---------------+-------------------+-----
Dodging        | 2 3 |  3.1
Stealth        | 4 5 |  5.9
Transmutations | 2 3 |  3.2
Poison Magic   | 5 |  5.8
Spellcasting   | 3 |  3.5

Action                   |  1- 3 |  4- 6 |  7- 9 || total
-------------------------+-------+-------+-------++-------
Melee: Whip              |    22 |     5 |       ||    27
       Unarmed           |     1 |       |       ||     1
       Dagger            |       |    30 |       ||    30
       Falchion          |       |       |     3 ||     3
 Cast: Sting             |    61 |    57 |     4 ||   122
       Poisonous Vapours |     1 |     6 |       ||     7
       Olgreb's Toxic Ra |       |     3 |     1 ||     4
 Abil: Spit Poison       |     4 |     6 |     1 ||    11
  Use: Scroll            |     3 |     5 |     1 ||     9
       Potion            |     1 |       |     1 ||     2
Armor: Robe              |     7 |     8 |     3 ||    18
Dodge: Dodged            |    30 |    66 |     8 ||   104

Table legend: (Time is in decaauts)
 A = Elapsed time spent in this place.
 B = Non-inter-level travel time spent in this place.
 C = Inter-level travel time spent in this place.
 D = Time resting spent in this place.
 E = Time spent auto-exploring this place.
 F = Levels seen in this place.
 G = Mean time per level.
                   A        B        C        D        E       F      G
               +--------+--------+--------+--------+--------+-----+--------+
         Total |   5544 |   5290 |    254 |    607 |   3861 |   5 | 1108.8 |
       Dungeon |   5544 |   5290 |    254 |    607 |   3861 |   5 | 1108.8 |
               +--------+--------+--------+--------+--------+-----+--------+

Top non-repeatable levels by time:
     D:4: 2268 daAuts
     D:1: 1483 daAuts
     D:3: 866 daAuts
     D:2: 692 daAuts
     D:5: 233 daAuts
